 Dungeon Crawl Stone Soup version 0.22-b1-21-g5cfc168 (webtiles) character file.

18 Gorglomux the Chiller (level 2, -3/23 HPs)
             Began as a Ghoul Ice Elementalist on Aug 4, 2018.
             Slain by a kobold
             ... wielding a +0 short sword
              (5 damage)
             ... on level 1 of the Dungeon.
             The game lasted 00:00:16 (225 turns).

Gorglomux the Chiller (Ghoul Ice Elementalist)       Turns: 225, Time: 00:00:16

Health: -3/23      AC:  2    Str: 11    XL:     2   Next: 66%
Magic:  1/3        EV: 12    Int: 10    God:
Gold:   0          SH:  0    Dex:  9    Spells: 3/4 levels left

rFire    . . .     SeeInvis .     - Unarmed
rCold    + . .     Gourm    .   (no shield)
rNeg     + + +     Faith    .   a - +0 robe
rPois    ∞         Spirit   .   (no helmet)
rElec    .         Reflect  .   (no cloak)
rCorr    .         Harm     .   (no gloves)
MR       .....                  (no boots)
Stlth    ++........             (no amulet)
HPRegen  0.00/turn              (no ring)
MPRegen  0.08/turn              (no ring)

@: very slightly contaminated, rotting
A: rotting body, claws 1, carnivore, cold resistance 1, negative energy
resistance 3, inhibited regeneration, torment resistance, unbreathing
a: no special abilities


You were on level 1 of the Dungeon.
You were not hungry.

You visited 1 branch of the dungeon, and saw 1 of its levels.

Inventory:

Armour
 a - a +0 robe (worn)
Scrolls
 d - a scroll of teleportation {unknown}
Comestibles
 c - a ration


   Skills:
 + Level 1.2 Fighting
 + Level 2.2 Dodging
 - Level 2.1 Stealth
 + Level 1.2 Unarmed Combat
 - Level 1.7 Spellcasting
   Level 0.7 Conjurations
 - Level 3.2 Ice Magic


You had 3 spell levels left.
You knew the following spells:

 Your Spells              Type           Power        Failure   Level  Hunger
a - Freeze                Ice            #...         9%          1    ##.....

Your spell library contained the following spells:

 Spells                   Type           Power        Failure   Level  Hunger
 Throw Frost              Conj/Ice       #.....       22%         2    ###....
 Summon Ice Beast         Ice/Summ       #.......     85%         4    #####..
 Ozocubu's Armour         Chrm/Ice       #.......     43%         3    ####...
 Throw Icicle             Conj/Ice       #.......     80%         4    #####..


Dungeon Overview and Level Annotations

Branches:
Dungeon (1/15)

Altars:


Innate Abilities, Weirdness & Mutations

Your body is rotting away.
You thrive on raw meat.
You are immune to poison.
You have sharp fingernails.
You are carnivorous and can eat meat at any time.
Your flesh is cold resistant. (rC+)
You are immune to negative energy. (rN+++)
You do not regenerate when monsters are visible.
You are immune to unholy pain and torment.
You can survive without breathing.


Message History

Unknown command!
A butt is nearby!!!
Casting: Freeze (safe; 9% risk of failure)
Confirm with ! or Enter, or press ? or * to list all spells!
Butt: Freeze (safe; 9% risk of failure)
Press: ? - help, Shift-Dir - straight line, f - kobold
Aim: a kobold, wielding a short sword Butt miscast Freeze!
You are very lightly contaminated with residual magic!
A chill runs through your body!
The kobold hits you with a short sword! * * * don't die
* * *
Casting: Freeze (safe; 9% risk of failure)
Confirm with ! or Enter, or press ? or * to list all spells!
Aiming: Freeze (safe; 9% risk of failure)
Press: ? - help, Shift-Butt - straight line, f/butt - kobold
Aim: a kobold, butt a short sword You freeze the kobold!
The kobold is severely wounded!
The kobold hits you with a short sword! rip

###### ##...>
#.... ... #K# ##@#
##†.# #..##
######.##########
.................#
.#####.......#####
#.......#
#.......#
.###.......#


You could see a kobold.

Vanquished Creatures
  2 oozes (D:1)
  A goblin (D:1)
  2 hobgoblins (D:1)
  2 kobolds (D:1)
  2 rats (D:1)
9 creatures vanquished.

Notes
Turn   | Place    | Note
-------+----------+-------------------------------------------
     0 | D:1      | Gorglomux the Ghoul Ice Elementalist began the quest for the Orb.
     0 | D:1      | Reached XP level 1. HP: 14/14 MP: 2/2
    62 | D:1      | Reached XP level 2. HP: 17/22 MP: 0/3
    96 | D:1      | Reached skill level 1 in Fighting
    96 | D:1      | Reached skill level 1 in Unarmed Combat
   225 | D:1      | Slain by a kobold

Skill      XL: |  1  2 |
---------------+-------+-----
Dodging        | 2 |  2.2
Fighting       | 1 |  1.2
Unarmed Combat | 1 |  1.2
Stealth        | |  2.1
Spellcasting   | |  1.7
Conjurations   | |  0.7
Ice Magic      | |  3.2

Action                   || total
-------------------------++-------
Melee: Unarmed           ||    33
 Cast: Freeze            ||     6
Armor: Robe              ||     2
Dodge: Dodged            ||    17
